 Dungeon Crawl Stone Soup version 0.31.0-9-g3a7656b989 (webtiles) character file.

Game seed: 13120372486242085347

43 qw the Shooter (level 3, 0/20 HPs)
             Began as a Deep Elf Hunter on Feb 2, 2024.
             Blown up by Ijyb (16 damage)
             ... with a mindburst bolt
             ... on level 3 of the Dungeon.
             The game lasted 00:00:04 (1465 turns).

qw the Shooter (Deep Elf Hunter)                    Turns: 1465, Time: 00:00:05

Health: 0/20       AC:  6    Str: 10    XL:     3   Next: 37%
Magic:  5/5        EV: 11    Int: 13    God:
Gold:   88         SH:  0    Dex: 18    Spells: 2/2 levels left

rFire   . . .        a - +0 shortbow
rCold   . . .        (shield currently unavailable)
rNeg    . . .        i - +0 ring mail
rPois   +            (no helmet)
rElec   .            (no cloak)
rCorr   .            b - +0 pair of gloves
SInv    .            (no boots)
Will    .....        (no amulet)
Stlth   +            c - ring of poison resistance
HPRegen 0.23/turn    (no ring)
MPRegen 0.09/turn

%: no passive effects
@: no status effects
A: no striking features
a: no special abilities


You were on level 3 of the Dungeon.
You visited 1 branch of the dungeon, and saw 3 of its levels.

You collected 88 gold pieces.


   Skills:
 - Level 1.5 Fighting
 + Level 6.9 Ranged Weapons
 - Level 2.4 Dodging
 - Level 1.2 Stealth


You had 2 spell levels left.
You didn't know any spells.
Your spell library was empty.

Inventory:

Hand Weapons
 a - a +0 shortbow (weapon)
Armour
 b - a +0 pair of gloves (worn)
 i - a +0 ring mail (worn)
Jewellery
 c - a ring of poison resistance (left hand)
Potions
 e - a potion of heal wounds {unknown}
 g - 2 potions of curing

Dungeon Overview and Level Annotations

Branches:
Dungeon (3/15)

Altars:

Shops:
D:1 [

Annotations:
D:3 1 runed translucent door, Crazy Yiuf, Ijyb


Message History

Found 4 stones.
There is a stone staircase leading up here.
Found a hammer.
Crazy Yiuf whimpers, "Trifle forty-two toodlewoodle!"
You see here 4 stones.
There is a stone staircase leading up here.
You open the door.
A quokka comes into view.
You shoot an arrow. The arrow completely misses the quokka.
The quokka barely misses you.
You shoot an arrow. The arrow hits the quokka.
The quokka is moderately wounded.
The quokka closely misses you. The quokka bites you.
You shoot an arrow. The arrow hits the quokka.
The quokka is heavily wounded.
The quokka bites you but does no damage.
You shoot an arrow. The arrow hits the quokka.
The quokka is severely wounded.
The quokka closely misses you.
You shoot an arrow. The arrow hits the quokka.
You kill the quokka!
There is an open door here.
You see here a quokka corpse.
You open the door.
There is an open door here.
There is an open door here.
You open the door.
There is an open door here.
Ijyb the Twisted Goblin comes into view.
She is wielding a +0 club and carrying a wand of mindburst.
Ijyb shouts!
You hear an angry hiss.
You shoot an arrow. The arrow hits Ijyb but does no damage.
You shoot an arrow. The arrow completely misses Ijyb.
Ijyb zaps a wand.
Your mind is blasted!
You shoot an arrow. The arrow hits Ijyb but does no damage.
You shoot an arrow. The arrow hits Ijyb but does no damage.
Ijyb hits you but does no damage. Ijyb hits you with a +0 club.
You shoot an arrow. The arrow hits Ijyb but does no damage.
Ijyb zaps a wand.
Your mind is blasted!
Ouch! That really hurt!
You die...

....# #.# ##.### ##%##
#. ##...## # ###
##.....## #.##.##
##.......##
.###.#...####.........##
............'.........'.
###.#g..####.........##
#..#@## ##.......## #.
##.# ##.....## #. #.#
##...## # ## #####


777 ### 777.7 #...#7..7. #...+.7777 You could see Ijyb.

Vanquished Creatures
  An adder (D:2)
  An orc (D:3)
  5 ball pythons
  4 bats
  3 endoplasms
  A giant cockroach (D:1)
  3 hobgoblins (D:1)
  3 kobolds (D:1)
  3 quokkas
  A frilled lizard (D:2)
  3 goblins (D:1)
  2 rats (D:1)
30 creatures vanquished.

Notes
Turn   | Place    | Note
-------+----------+-------------------------------------------
     0 | D:1      | qw the Deep Elf Hunter began the quest for the Orb.
     0 | D:1      | Reached XP level 1. HP: 12/12 MP: 3/3
     0 | D:1      | 0 ||| qw: Version: 0.3-a-155-g5e7d8dd
     0 | D:1      | 0 ||| qw: Game counter: 1771
     0 | D:1      | 0 ||| qw: Melee chars always use a shield: true
     0 | D:1      | 0 ||| qw: God list: Okawaru
     0 | D:1      | 0 ||| qw: Allow faded altars: false
     0 | D:1      | 0 ||| qw: Do Orc after clearing Dungeon:15 true
     0 | D:1      | 0 ||| qw: Do second Lair branch before Depths: true
     0 | D:1      | 0 ||| qw: Lair rune preference: random
     0 | D:1      | 0 ||| qw: Goals: Normal
     0 | D:1      | 0 ||| PLANNING D:1-11
    64 | D:1      | Reached XP level 2. HP: 16/16 MP: 4/4
    91 | D:1      | Reached skill level 6 in Ranged Weapons
   429 | D:1      | Found Fappithro's Armour Boutique.
   437 | D:1      | 437 ||| SHOPLISTING +1 ring mail of cold resistance (160
                  | gold, have 31).
   437 | D:1      | 437 ||| SHOPLISTING +2 cloak of stealth (215 gold, have
                  | 31).
   437 | D:1      | 437 ||| SHOPLISTING +2 pair of boots of stealth (215 gold,
                  | have 31).
   437 | D:1      | 437 ||| SHOPLISTING +2 ring mail of fire resistance (210
                  | gold, have 31).
   702 | D:1      | 702 ||| UPGRADING to +0 scale mail.
   712 | D:1      | 712 ||| DROPPING +0 leather armour.
   713 | D:1      | 713 ||| UPGRADING to +0 ring mail.
   723 | D:1      | 723 ||| DROPPING +0 scale mail.
   724 | D:1      | 724 ||| READING scroll labelled HAPLAA IPLUSU.
   725 | D:1      | 725 ||| READING 3 scrolls labelled FACHUH NUT.
   726 | D:1      | 726 ||| READING scroll labelled XOELID PEIT.
   726 | D:1      | 726 ||| IDENTIFYING viscous emerald potion
   727 | D:1      | 727 ||| DRINKING 3 glowing sapphire potions.
   728 | D:1      | 728 ||| DROPPING scroll of butterflies.
   729 | D:1      | 729 ||| DROPPING 2 scrolls of amnesia.
   730 | D:1      | 730 ||| DROPPING potion of magic.
   988 | D:2      | Found a faded altar of an unknown god.
   989 | D:2      | 989 ||| UPGRADING to +0 pair of gloves.
   994 | D:2      | 994 ||| UPGRADING to ring of poison resistance.
   995 | D:2      | 995 ||| READING scroll labelled QUW EHUSKED.
  1104 | D:2      | Reached XP level 3. HP: 20/20 MP: 5/5
  1258 | D:2      | 1258 ||| READING scroll of identify.
  1258 | D:2      | 1258 ||| IDENTIFYING fizzy emerald potion
  1259 | D:2      | 1259 ||| READING scroll labelled VEMINA MYUCWI.
  1260 | D:2      | 1260 ||| READING scroll labelled OHOTOC PYQUG.
  1261 | D:2      | 1261 ||| DROPPING potion of brilliance.
  1370 | D:3      | Found a runed translucent door.
  1371 | D:3      | Noticed Crazy Yiuf
  1460 | D:3      | Noticed Ijyb
  1465 | D:3      | Blown up by Ijyb

Levels and vault maps discovered:
D:1:      amcnicky_arrival_feature_with_door, layout_basic, serial_shops, shop,
          chequers_serial_rivers_marsh, amethyst_killhole, minmay_crystal_water
D:2:      layout_basic, hellmonk_ecumenical_altar_inner_sanctum,
          serial_bayou_crossing
D:3:      layout_loops_corners, chequers_temple_overflow_statue_of_worship,
          uniq_crazy_yiuf_cottage, uniq_ijyb

Skill      XL: |  1  2 |
---------------+-------+-----
Ranged Weapons | 6 |  6.9
Fighting       | |  1.5
Dodging        | |  2.4
Stealth        | |  1.2

Action                     || total
---------------------------++-------
   Fire: Shortbow          ||    90
    Use: Scroll            ||     7
         Potion            ||     1
 Armour: Leather armour    ||     6
         Ring mail         ||     9
  Dodge: Dodged            ||    17

Table legend:
 A = Non-vault XP
 B = Vault XP
 C = Vault XP percentage of total XP
 D = Non-vault monster count
 E = Vault monster count
 F = Vault count percentage of total count
                 A         B        C        D         E       F
            +---------+---------+-------+---------+---------+-------
      Total |      62 |       0 |   0.0 |      30 |       0 |   0.0
            +---------+---------+-------+---------+---------+-------
        D:1 |      33 |       0 |   0.0 |      20 |       0 |   0.0
        D:2 |      21 |       0 |   0.0 |       6 |       0 |   0.0
        D:3 |       8 |       0 |   0.0 |       4 |       0 |   0.0
            +---------+---------+-------+---------+---------+-------
